 Dungeon Crawl Stone Soup version 0.21.0-37-g46506fa (webtiles) character file.

109 Inarius the Chiller (level 4, 0/33 HPs)
             Began as a Draconian Ice Elementalist on Jan 30, 2018.
             Succumbed to a worker ant's poison
             ... on level 2 of the Dungeon.
             The game lasted 00:05:26 (2895 turns).

Inarius the Chiller (Draconian Ice Elementalist)    Turns: 2895, Time: 00:05:26

Health: 0/33       AC:  6    Str: 16    XL:     4   Next: 59%
Magic:  13/17      EV: 18    Int: 21    God:
Gold:   128        SH:  0    Dex: 16    Spells: 1/9 levels left

rFire    + . .     SeeInvis .   h - +0 dagger
rCold    . . .     Gourm    .   (no shield)
rNeg     . . .     Faith    .   (armour unavailable)
rPois    .         Spirit   +   (helmet restricted)
rElec    .         Reflect  .   (no cloak)
rCorr    .         Harm     .   (no gloves)
MR       .....                  n - +0 pair of boots
Stlth    +++.......             d - amulet of guardian spirit (curse)
HPRegen  0.11/turn              i - ring of protection from fire
MPRegen  0.15/turn              j - ring of magical power

@: mighty, brilliant, agile, lethally poisoned (0 -> -5)
A: unfitting armour, cold-blooded, AC +5
a: no special abilities


You were on level 2 of the Dungeon.
You were not hungry.

You visited 1 branch of the dungeon, and saw 3 of its levels.

You collected 128 gold pieces.

Inventory:

Hand Weapons
 h - a +0 dagger (weapon)
Armour
 n - a +0 pair of boots (worn)
Jewellery
 d - a cursed amulet of guardian spirit (around neck)
 i - a ring of protection from fire (left hand)
 j - a ring of magical power (right hand)
Scrolls
 f - a scroll of enchant weapon {unknown}
 k - a scroll of identify {unknown}
 l - a scroll of teleportation {unknown}
Potions
 e - a potion of might
Books
 a - a book of Frost

   Spells                             Type                      Level
   a - Freeze                         Ice                          1
   b - Throw Frost                    Conjuration/Ice              2
   c - Ozocubu's Armour               Charms/Ice                   3
   d - Throw Icicle                   Conjuration/Ice              4
   e - Summon Ice Beast               Ice/Summoning                4
Comestibles
 b - 7 rations
 o - 7 chunks of flesh


   Skills:
 + Level 0.2 Fighting
 + Level 2.1 Dodging
 - Level 1.7 Stealth
 + Level 3.1 Spellcasting
 + Level 1.0 Conjurations
 * Level 4.3 Ice Magic


You had one spell level left.
You knew the following spells:

 Your Spells              Type           Power        Failure   Level  Hunger
a - Freeze                Ice            ####         1%          1    None
b - Ozocubu's Armour      Chrm/Ice       ####....     1%          3    ###....
c - Throw Icicle          Conj/Ice       ####....     4%          4    ####...


Dungeon Overview and Level Annotations

Branches:
Dungeon (3/15)

Altars:
Qazlal


Innate Abilities, Weirdness & Mutations

Your plain brown scales are hard. (AC +5)
You cannot fit into any form of body armour.
You are cold-blooded and may be slowed by cold attacks.


Message History

You hit the worker ant.
You kill the worker ant!
* * * LOW HITPOINT WARNING * * *
You feel sick.
There is an open door here.
You see here a worker ant corpse.
It was a potion of brilliance.
You feel clever all of a sudden.
* * * LOW HITPOINT WARNING * * *
You feel sick.
There is a lethal amount of poison in your body!
* * * LOW HITPOINT WARNING * * *
You feel sick.
* * * LOW HITPOINT WARNING * * *
You feel sick.
Okay, then.
Unknown command.
* * * LOW HITPOINT WARNING * * *
You feel sick.
You die...

# #...........# #
#.....).....# #
#...........# #
#...........# #
#...........# #
#...........# #
#####...........# #
#...#.........>.#
###....##......#@###
...÷#..÷.......#...#
##.###.#.......###'#####
.......#...............#
.#.....................#
..#######..............#
.......................#
####.####..............#
##.....##......###+#####


There were no monsters in sight!

Vanquished Creatures
  A worker ant (D:2)
  3 adders
  2 worms (D:2)
  A leopard gecko (D:2)
  5 orcs (D:3)
  5 bats
  2 giant cockroaches
  3 goblins
  4 hobgoblins
  3 jackals (D:1)
  A quokka (D:3)
  2 frilled lizards
  9 kobolds
  5 rats
46 creatures vanquished.

Notes
Turn   | Place    | Note
-------+----------+-------------------------------------------
     0 | D:1      | Inarius the Draconian Ice Elementalist began the quest for the Orb.
     0 | D:1      | Reached XP level 1. HP: 14/14 MP: 3/3
   350 | D:1      | Reached XP level 2. HP: 18/20 MP: 3/5
   924 | D:2      | Reached XP level 3. HP: 14/26 MP: 0/6
   944 | D:2      | Learned a level 3 spell: Ozocubu's Armour
  1135 | D:2      | Found a stormy altar of Qazlal.
  2133 | D:2      | Reached skill level 4 in Ice Magic
  2378 | D:2      | Found a faded altar of an unknown god.
  2480 | D:3      | Reached XP level 4. HP: 30/33 MP: 5/8
  2866 | D:3      | Learned a level 4 spell: Throw Icicle
  2894 | D:2      | HP: 1/33 [poisoned by a worker ant]
  2895 | D:2      | Succumbed to a worker ant's poison

Skill      XL: |  1  2  3 |
---------------+----------+-----
Dodging        | 2 |  2.1
Ice Magic      | 4 |  4.3
Spellcasting   | 3 |  3.1
Fighting       | |  0.2
Stealth        | |  1.7
Conjurations   | |  1.0

Action                   |  1- 3 |  4- 6 || total
-------------------------+-------+-------++-------
Melee: Unarmed           |    20 |       ||    20
       Tailslap          |     4 |     5 ||     9
       Dagger            |    33 |    38 ||    71
       Short sword       |     1 |       ||     1
 Cast: Freeze            |    64 |    12 ||    76
       Ozocubu's Armour  |     1 |       ||     1
  Use: Scroll            |     2 |       ||     2
       Potion            |       |     5 ||     5
 Stab: Sleeping          |     2 |     1 ||     3
  Eat: Chunk             |     4 |     3 ||     7
Armor: Skin              |    36 |    11 ||    47
Dodge: Dodged            |    67 |    45 ||   112
